[Event "7th Cesme Open-A 2019"]
[Site "Cesme"]
[Date "2019.06.24"]
[Round "1"]
[White "Bernadskiy, Vitaliy"]
[Black "Mammadov, Gulam"]
[Result "1/2-1/2"]
[ECO "B52"]
[WhiteElo "2578"]
[BlackElo "2059"]
[Annotator "ChessBase"]
[PlyCount "135"]
[EventDate "2019.06.24"]
[EventType "swiss"]
[EventCountry "TUR"]
[SourceTitle "playchess.com"]
[Source "ChessBase"]
[SourceQuality "1"]
[TimeControl "5400+30"]

1. e4 c5 2. Nf3 d6 3. Bb5+ Bd7 4. Bxd7+ Qxd7 5. O-O Nc6 6. c3 Nf6 7. Qe2 e6 8. d4 cxd4 9. cxd4 d5 10. e5 Ne4 11. Be3 Be7 12. Ne1 f6 13. f3 Ng5 14. Nd3 fxe5 15. dxe5 b6 16. Nd2 Nf7 17. f4 O-O 18. g4 Nb4 19. Nxb4 Bxb4 20. Nb3 Rac8 21. Rad1 Nd8 22. Qd3 Bc5 23. Rf2 Nb7 24. f5 Qa4 25. h3 Bxe3 26. Qxe3 Nc5 27. Rdf1 Qe4 28. Qxe4 Nxe4 29. Rg2 Rc4 30. Nc1 Kf7 31. b3 Rcc8 32. Ne2 Rfe8 33. Nd4 exf5 34. e6+ Rxe6 35. Nxe6 Kxe6 36. gxf5+ Kf6 37. Rd1 Rd8 38. Rg4 Nc3 39. Rd2 Rd7 40. Kf2 Kxf5 41. Ke3 Re7+ 42. Kf3 Ke6 43. Rc2 Ne4 44. b4 Ke5 45. Ke3 Rf7 46. Rc8 Nd6 47. Rd8 d4+ 48. Ke2 h6 49. Rg8 g5 50. Rh8 Rf6 51. h4 Kd5 52. hxg5 hxg5 53. Rxg5+ Kc4 54. Rg4 Re6+ 55. Kd2 Ne4+ 56. Kc2 Kxb4 57. Rhh4 Nc5 58. Rxd4+ Kb5 59. Rd2 a5 60. Rg2 Rf6 61. Kc3 Rf3+ 62. Kd4 Rd3+ 63. Ke5 Re3+ 64. Kd6 Re6+ 65. Kd5 Rf6 66. Rb2+ Ka6 67. Rh5 Nd3 68. Rbh2 1/2-1/2

[Event "7th Cesme Open-A 2019"]
[Site "Cesme"]
[Date "2019.06.24"]
[Round "1"]
[White "Quparadze, Giga"]
[Black "Ozcelik, Ali Kaan"]
[Result "1-0"]
[ECO "C88"]
[WhiteElo "2498"]
[BlackElo "1989"]
[Annotator "ChessBase"]
[PlyCount "57"]
[EventDate "2019.06.24"]
[EventType "swiss"]
[EventCountry "TUR"]
[SourceTitle "playchess.com"]
[Source "ChessBase"]
[SourceQuality "1"]
[TimeControl "5400+30"]

1. e4 e5 2. Nf3 Nc6 3. Bb5 a6 4. Ba4 Nf6 5. O-O Be7 6. Re1 b5 7. Bb3 O-O 8. a4 Bb7 9. d3 d6 10. Nbd2 Na5 11. Ba2 c5 12. Nf1 c4 13. Ne3 cxd3 14. cxd3 g6 15. h3 bxa4 16. Qxa4 Nc6 17. Nd5 Nxd5 18. Bxd5 Qb6 19. Bh6 Rfc8 20. Rec1 Bf6 21. Bxf7+ Kxf7 22. Qa2+ Ke7 23. Ng5 Nd8 24. Qg8 Rxc1+ 25. Rxc1 Kd7 26. Nxh7 Be7 27. Qg7 Nc6 28. Nf6+ Kd8 29. Qg8+ 1-0

[Event "7th Cesme Open-A 2019"]
[Site "Cesme"]
[Date "2019.06.24"]
[Round "1"]
[White "Lavrov, Maxim"]
[Black "Bilyap, Enis"]
[Result "1-0"]
[ECO "B07"]
[WhiteElo "2401"]
[BlackElo "1941"]
[Annotator "NA"]
[PlyCount "45"]
[EventDate "2019.06.24"]
[EventType "swiss"]
[EventCountry "TUR"]
[SourceTitle "playchess.com"]
[Source "ChessBase"]
[SourceQuality "1"]
[TimeControl "5400+30"]

1. e4 d6 2. d4 Nf6 3. Nc3 c6 4. f4 Qa5 5. e5 Ne4 6. Bd2 Nxd2 7. Qxd2 Bf5 8. Nf3 e6 9. Bd3 Bxd3 10. Qxd3 dxe5 11. fxe5 Nd7 12. O-O O-O-O 13. Qe2 Be7 14. Ne4 h6 15. c4 f6 16. exf6 gxf6 17. Ng3 e5 18. Nf5 Bf8 19. Kh1 exd4 20. N3xd4 Ne5 21. a3 Re8 22. Qh5 Rd8 23. Ne6 1-0

[Event "7th Cesme Open-A 2019"]
[Site "Cesme"]
[Date "2019.06.24"]
[Round "1"]
[White "Erdogdu, Mert"]
[Black "Buke, Furkan"]
[Result "1-0"]
[ECO "B27"]
[WhiteElo "2391"]
[BlackElo "1935"]
[Annotator "NA"]
[PlyCount "73"]
[EventDate "2019.06.24"]
[EventType "swiss"]
[EventCountry "TUR"]
[SourceTitle "playchess.com"]
[Source "ChessBase"]
[SourceQuality "1"]
[TimeControl "5400+30"]

1. e4 c5 2. Nf3 g6 3. d4 cxd4 4. Qxd4 Nf6 5. Nc3 Nc6 6. Qa4 d6 7. e5 dxe5 8. Nxe5 Qd4 9. Nxc6 Qxa4 10. Nxa4 bxc6 11. b3 e5 12. Bb2 Bb4+ 13. c3 Bd6 14. O-O-O Bc7 15. Ba3 Ne4 16. Bc4 f5 17. Rhf1 h6 18. f3 Nf6 19. Bd6 Rh7 20. Rfe1 e4 21. Nc5 Bb6 22. fxe4 f4 23. h3 g5 24. e5 Nd5 25. Rxd5 cxd5 26. Bxd5 Bxc5 27. Bxa8 Be3+ 28. Kb2 Bb7 29. Bxb7 Rxb7 30. c4 Kd7 31. Kc3 h5 32. Kd3 g4 33. hxg4 hxg4 34. Rh1 Ke6 35. Ke4 Rg7 36. c5 Kd7 37. Kd5 1-0

[Event "7th Cesme Open-A 2019"]
[Site "Cesme"]
[Date "2019.06.24"]
[Round "1"]
[White "Bashirli, Nail"]
[Black "Tirak, Mert"]
[Result "1-0"]
[ECO "B92"]
[WhiteElo "2367"]
[BlackElo "1997"]
[Annotator "NA"]
[PlyCount "75"]
[EventDate "2019.06.24"]
[EventType "swiss"]
[EventCountry "TUR"]
[SourceTitle "playchess.com"]
[Source "ChessBase"]
[SourceQuality "1"]
[TimeControl "5400+30"]

1. e4 c5 2. Nf3 d6 3. Nc3 a6 4. d4 cxd4 5. Nxd4 Nf6 6. Be2 e5 7. Nf3 h6 8. Nd2 b5 9. a4 b4 10. Nd5 Bb7 11. Nxf6+ Qxf6 12. O-O Qd8 13. Bf3 Qc7 14. b3 Nd7 15. Nc4 a5 16. Re1 Nc5 17. Bb2 Be7 18. c3 O-O 19. cxb4 axb4 20. Rc1 Ba6 21. g3 Rfd8 22. h4 Bc8 23. Re3 Be6 24. Bg4 Qb7 25. Bxe6 Nxe6 26. Qf3 Rac8 27. Rd3 Nc5 28. Rd5 f5 29. exf5 Nxb3 30. Rcd1 Nc5 31. a5 Bf6 32. Qe2 Qa6 33. Rxd6 Rxd6 34. Rxd6 Qb5 35. Rb6 Qd7 36. Nd6 Rc6 37. Rb8+ Bd8 38. Qxe5 1-0

[Event "7th Cesme Open-A 2019"]
[Site "Cesme"]
[Date "2019.06.24"]
[Round "1"]
[White "Koksal, Ege"]
[Black "Yildizak, Goksel"]
[Result "1-0"]
[ECO "D36"]
[WhiteElo "2363"]
[BlackElo "1950"]
[Annotator "NA"]
[PlyCount "61"]
[EventDate "2019.06.24"]
[EventType "swiss"]
[EventCountry "TUR"]
[SourceTitle "playchess.com"]
[Source "ChessBase"]
[SourceQuality "1"]
[TimeControl "5400+30"]

1. d4 Nf6 2. c4 e6 3. Nf3 d5 4. Nc3 c6 5. cxd5 exd5 6. Qc2 Be7 7. Bg5 O-O 8. e3 Be6 9. Bd3 Nbd7 10. h3 h6 11. Bf4 c5 12. dxc5 Nxc5 13. O-O Rc8 14. Rfd1 Qb6 15. Be5 Nce4 16. Qe2 Nxc3 17. Bxc3 Ne4 18. Bd4 Bc5 19. Rac1 Bxd4 20. Nxd4 a6 21. Bxe4 dxe4 22. b3 Rxc1 23. Rxc1 Qd6 24. Rc3 Rd8 25. Qc2 Qe5 26. Rc7 Rd7 27. Rc8+ Kh7 28. f4 Qd5 29. f5 Bxf5 30. Rc5 Qd6 31. Rxf5 1-0

[Event "7th Cesme Open-A 2019"]
[Site "Cesme"]
[Date "2019.06.24"]
[Round "1"]
[White "Kamer, Kayra"]
[Black "Buker, Muhittin"]
[Result "1-0"]
[ECO "B13"]
[WhiteElo "2353"]
[BlackElo "1991"]
[Annotator "NA"]
[PlyCount "123"]
[EventDate "2019.06.24"]
[EventType "swiss"]
[EventCountry "TUR"]
[SourceTitle "playchess.com"]
[Source "ChessBase"]
[SourceQuality "1"]
[TimeControl "5400+30"]

1. Nf3 Nf6 2. e3 c5 3. d4 cxd4 4. exd4 d5 5. c4 Nc6 6. Nc3 Bg4 7. cxd5 Nxd5 8. Qb3 Bxf3 9. gxf3 e6 10. Qxb7 Nxd4 11. Bb5+ Nxb5 12. Qc6+ Ke7 13. Qxb5 Qd7 14. Nxd5+ Qxd5 15. Qxd5 exd5 16. Bf4 Kf6 17. O-O-O Rd8 18. Be3 Rd7 19. Rhg1 Rg8 20. Rg4 g6 21. Ra4 Ke6 22. Rxa7 Rxa7 23. Bxa7 Bd6 24. Be3 Ra8 25. Kb1 Ra4 26. b3 Rh4 27. a4 Bxh2 28. a5 Rb4 29. Kc2 Be5 30. a6 Rb8 31. a7 Ra8 32. Bc5 Bd6 33. Bd4 Kd7 34. Kd3 Kc6 35. Rc1+ Kb7 36. b4 f6 37. Re1 Be5 38. Bc5 g5 39. Rh1 Rh8 40. Rh6 Bb2 41. b5 Ka8 42. b6 Kb7 43. Bd4 Bxd4 44. Kxd4 Kxb6 45. Rxh7 Rd8 46. Rd7 Re8 47. Kxd5 Re5+ 48. Kd6 Ra5 49. Ke6 Ra3 50. Kxf6 Rxf3+ 51. Kxg5 Ra3 52. f4 Kc6 53. Re7 Kd6 54. Kf6 Ra1 55. f5 Ra5 56. Rh7 Ra6 57. Kg5 Ra5 58. Kg6 Ra1 59. f6 Rg1+ 60. Kf7 Ra1 61. Ke8 Re1+ 62. Kd8 1-0

[Event "7th Cesme Open-A 2019"]
[Site "Cesme"]
[Date "2019.06.24"]
[Round "1"]
[White "Eminov, Orkhan"]
[Black "Kaya, Enes"]
[Result "1-0"]
[ECO "B31"]
[WhiteElo "2314"]
[BlackElo "1931"]
[Annotator "NA"]
[PlyCount "75"]
[EventDate "2019.06.24"]
[EventType "swiss"]
[EventCountry "TUR"]
[SourceTitle "playchess.com"]
[Source "ChessBase"]
[SourceQuality "1"]
[TimeControl "5400+30"]

1. e4 c5 2. Nf3 Nc6 3. Bb5 g6 4. O-O Bg7 5. Re1 Nf6 6. e5 Nd5 7. Nc3 Nc7 8. Bxc6 dxc6 9. Ne4 Ne6 10. d3 O-O 11. Be3 b6 12. Qd2 Nd4 13. Nxd4 cxd4 14. Bh6 c5 15. Bxg7 Kxg7 16. h4 Qd7 17. h5 Qg4 18. h6+ Kh8 19. b4 Bb7 20. bxc5 bxc5 21. f3 Qh4 22. Nxc5 Bd5 23. Ne4 Rfc8 24. Rac1 Rab8 25. c4 dxc3 26. Nxc3 Qd4+ 27. Qf2 Qxf2+ 28. Kxf2 Be6 29. d4 Rc4 30. d5 Rb2+ 31. Ke3 Bd7 32. Ne4 Ra4 33. Rc7 Ra3+ 34. Kf4 g5+ 35. Nxg5 Ra4+ 36. Re4 f6 37. Rxa4 fxg5+ 38. Kg3 1-0

[Event "7th Cesme Open-A 2019"]
[Site "Cesme"]
[Date "2019.06.24"]
[Round "1"]
[White "Gokbulut, Julia"]
[Black "Iskandarov, Misratdin"]
[Result "0-1"]
[ECO "E47"]
[WhiteElo "2058"]
[BlackElo "2502"]
[Annotator "ChessBase"]
[PlyCount "60"]
[EventDate "2019.06.24"]
[EventType "swiss"]
[EventCountry "TUR"]
[SourceTitle "playchess.com"]
[Source "ChessBase"]
[SourceQuality "1"]
[TimeControl "5400+30"]

1. d4 Nf6 2. c4 e6 3. Nc3 Bb4 4. e3 O-O 5. Bd3 d6 6. Nge2 e5 7. O-O Bxc3 8. Nxc3 Re8 9. Qc2 Nc6 10. d5 Nb4 11. Qb1 Nxd3 12. Qxd3 e4 13. Qc2 Qe7 14. a3 Qe5 15. f4 exf3 16. gxf3 c6 17. Qd3 Bh3 18. Rf2 Qg5+ 19. Kh1 Qh4 20. Kg1 cxd5 21. Nxd5 Nxd5 22. cxd5 Rac8 23. Bd2 Re5 24. e4 Rg5+ 25. Bxg5 Qxg5+ 26. Kh1 Rc1+ 27. Qd1 Rxd1+ 28. Rxd1 Qe3 29. Kg1 g5 30. Ra1 h5 0-1

[Event "7th Cesme Open-A 2019"]
[Site "Cesme"]
[Date "2019.06.24"]
[Round "1"]
[White "Kocyigit, Buse Naz"]
[Black "Mammadov, Zaur"]
[Result "0-1"]
[ECO "D26"]
[WhiteElo "2045"]
[BlackElo "2428"]
[Annotator "NA"]
[PlyCount "50"]
[EventDate "2019.06.24"]
[EventType "swiss"]
[EventCountry "TUR"]
[SourceTitle "playchess.com"]
[Source "ChessBase"]
[SourceQuality "1"]
[TimeControl "5400+30"]

1. d4 d5 2. Nf3 Nf6 3. c4 dxc4 4. e3 e6 5. Bxc4 c5 6. Nc3 Nc6 7. O-O cxd4 8. exd4 Be7 9. a3 O-O 10. b4 a6 11. Re1 Qc7 12. Qb3 b5 13. Bf1 Rd8 14. Bb2 Bb7 15. Rac1 Rac8 16. a4 Qf4 17. axb5 Nxd4 18. Nxd4 Ng4 19. Nf3 Bxf3 20. g3 Qd2 21. Be2 Qh6 22. h4 Bxh4 23. Bxf3 Bxg3 24. Re2 Qh2+ 25. Kf1 Bxf2 0-1

[Event "7th Cesme Open-A 2019"]
[Site "Cesme"]
[Date "2019.06.24"]
[Round "1"]
[White "Akin, Yagiz Cinar"]
[Black "Tuncer, Tuna"]
[Result "0-1"]
[ECO "B40"]
[WhiteElo "1955"]
[BlackElo "2365"]
[Annotator "NA"]
[PlyCount "136"]
[EventDate "2019.06.24"]
[EventType "swiss"]
[EventCountry "TUR"]
[SourceTitle "playchess.com"]
[Source "ChessBase"]
[SourceQuality "1"]
[TimeControl "5400+30"]

1. e4 c5 2. Nf3 e6 3. g3 Nc6 4. Bg2 Nf6 5. Qe2 e5 6. O-O Be7 7. d3 h6 8. c3 O-O 9. Re1 Re8 10. Na3 Bf8 11. Nc4 d5 12. exd5 Nxd5 13. h3 Nc7 14. g4 g6 15. Be3 Nd5 16. Rad1 b6 17. Nfxe5 Nxe5 18. Bc1 Bb7 19. Nxe5 Bg7 20. d4 cxd4 21. cxd4 Rc8 22. Qb5 Re7 23. Qb3 Rec7 24. Bd2 Qd6 25. Rc1 Rxc1 26. Bxc1 Rc7 27. Bd2 Re7 28. Qg3 Rc7 29. Qd3 Kh7 30. a3 Qf6 31. Be4 Kg8 32. Rc1 Re7 33. Re1 Qd6 34. f4 Rc7 35. Rc1 Re7 36. Rd1 Rc7 37. b4 Qd8 38. f5 g5 39. Nf3 Re7 40. Re1 Qe8 41. Bxd5 Bxd5 42. Rxe7 Qxe7 43. Bc3 f6 44. Kf2 Qd7 45. b5 Qc7 46. Qe3 Bf8 47. Bb4 Bxb4 48. axb4 Kf7 49. Qa3 Ke7 50. Qd3 Kd7 51. Qa3 Kc8 52. Qe3 Qd7 53. Qd3 Qd6 54. Qc3+ Kb7 55. Qe3 Qxb4 56. Qe8 Qd6 57. Qh8 a5 58. Qg7+ Ka8 59. Qh8+ Ka7 60. Qh7+ Bb7 61. Qf7 Qf4 62. d5 a4 63. Qe7 Qc4 64. d6 Qc5+ 65. Kf1 Qxb5+ 66. Kg2 Qb2+ 67. Kg1 a3 68. d7 a2 0-1

[Event "7th Cesme Open-A 2019"]
[Site "Cesme"]
[Date "2019.06.24"]
[Round "1"]
[White "Yasin, Hur"]
[Black "Rzayev, Bahruz"]
[Result "0-1"]
[ECO "C56"]
[WhiteElo "1953"]
[BlackElo "2340"]
[Annotator "NA"]
[PlyCount "126"]
[EventDate "2019.06.24"]
[EventType "swiss"]
[EventCountry "TUR"]
[SourceTitle "playchess.com"]
[Source "ChessBase"]
[SourceQuality "1"]
[TimeControl "5400+30"]

1. e4 e5 2. Nf3 Nc6 3. d4 exd4 4. Bc4 Nf6 5. O-O Nxe4 6. Re1 d5 7. Bxd5 Qxd5 8. Nc3 Qa5 9. Nxe4 Be6 10. Bg5 h6 11. Bh4 g5 12. Nf6+ Ke7 13. Nxd4 Rd8 14. Nxc6+ bxc6 15. Qf3 gxh4 16. Nh5 Qg5 17. Re4 Bg7 18. Rae1 Rd4 19. Nf4 Qf5 20. Rxd4 Bxd4 21. Nxe6 Bxf2+ 22. Kxf2 Qxf3+ 23. Kxf3 fxe6 24. Re4 Rf8+ 25. Ke2 Rg8 26. Kf2 h3 27. g4 Rg5 28. Kg3 Ra5 29. a3 Rc5 30. Re2 h5 31. Kxh3 Kf6 32. gxh5 Rxh5+ 33. Kg4 Rg5+ 34. Kf4 e5+ 35. Kf3 Rf5+ 36. Ke3 Rh5 37. Rf2+ Ke6 38. Ke4 Rh3 39. Rg2 Rh4+ 40. Kf3 Kf5 41. Rf2 Rh7 42. Kg3+ Ke4 43. Re2+ Kf5 44. h4 e4 45. Rf2+ Ke5 46. Rh2 Rh5 47. Kg4 Rh8 48. h5 Rg8+ 49. Kh4 e3 50. h6 Kf4 51. Kh5 Kg3 52. Rh1 Kg2 53. Rh4 e2 54. Re4 Kf2 55. h7 Rh8 56. Kg6 e1=Q 57. Rxe1 Kxe1 58. Kg7 Rd8 59. h8=Q Rxh8 60. Kxh8 Kd2 61. c4 Kc2 62. Kg7 Kxb2 63. Kf6 Kxa3 0-1

[Event "7th Cesme Open-A 2019"]
[Site "Cesme"]
[Date "2019.06.24"]
[Round "1"]
[White "Celiker, Yakup"]
[Black "Gokerkan, Cem Kaan"]
[Result "0-1"]
[ECO "B25"]
[WhiteElo "1930"]
[BlackElo "2415"]
[Annotator "NA"]
[PlyCount "78"]
[EventDate "2019.06.24"]
[EventType "swiss"]
[EventCountry "TUR"]
[SourceTitle "playchess.com"]
[Source "ChessBase"]
[SourceQuality "1"]
[TimeControl "5400+30"]

1. e4 c5 2. Nc3 Nc6 3. g3 g6 4. Bg2 Bg7 5. f4 d6 6. Nf3 e5 7. d3 Nge7 8. Be3 Nd4 9. fxe5 dxe5 10. Qd2 Bg4 11. Ng1 O-O 12. h3 Be6 13. Nf3 Nxf3+ 14. Bxf3 Rc8 15. g4 Nc6 16. Ne2 Nd4 17. Bg2 c4 18. Nxd4 exd4 19. Bg5 Bf6 20. Bxf6 Qxf6 21. Rf1 Qe5 22. Kf2 c3 23. bxc3 Rxc3 24. Kg1 Rfc8 25. Rf2 Qc7 26. Rc1 Bxa2 27. Qg5 Be6 28. e5 Rc5 29. Re2 b5 30. Qf4 Qd8 31. Re4 Rxc2 32. Rxc2 Rxc2 33. Rxd4 Qb6 34. Kh2 a5 35. h4 h6 36. Kg3 a4 37. Rd6 Qg1 38. Qe4 a3 39. d4 Rc3+ 0-1

[Event "7th Cesme Open-A 2019"]
[Site "Cesme"]
[Date "2019.06.24"]
[Round "1"]
[White "Degirmenci, Yagiz"]
[Black "Annageldyev, Orazly"]
[Result "0-1"]
[ECO "A48"]
[WhiteElo "1923"]
[BlackElo "2353"]
[Annotator "NA"]
[PlyCount "79"]
[EventDate "2019.06.24"]
[EventType "swiss"]
[EventCountry "TUR"]
[SourceTitle "playchess.com"]
[Source "ChessBase"]
[SourceQuality "1"]
[TimeControl "5400+30"]

1. d4 Nf6 2. Nf3 d5 3. c3 g6 4. Bg5 Ne4 5. Bf4 Bg7 6. Nbd2 O-O 7. Nxe4 dxe4 8. Nd2 c5 9. e3 cxd4 10. cxd4 Qa5 11. Bc4 Nc6 12. a3 e5 13. b4 Qd8 14. dxe5 Nxe5 15. Bxe5 Bxe5 16. Ra2 Qg5 17. g3 Bh3 18. Qb3 Rac8 19. Rc2 Qf5 20. f4 exf3 21. Kf2 Qh5 22. Nxf3 Bf5 23. Rd2 Be4 24. Be2 Rc3 25. Qa4 a6 26. b5 Bxf3 27. Bxf3 Qg5 28. Re1 axb5 29. Qa7 Rc7 30. Rd5 Rd8 31. Rxd8+ Qxd8 32. Rd1 Qe7 33. Qa5 Rc2+ 34. Kg1 Bc7 35. Qa7 b6 36. Re1 Kg7 37. Kh1 Rxh2+ 38. Kg1 Qd6 39. Qb7 Qxg3+ 40. Bg2 0-1

[Event "7th Cesme Open-A 2019"]
[Site "Cesme"]
[Date "2019.06.24"]
[Round "1"]
[White "Taskiran, Recep"]
[Black "Barsov, Alexei"]
[Result "0-1"]
[ECO "A13"]
[WhiteElo "1898"]
[BlackElo "2397"]
[Annotator "NA"]
[PlyCount "72"]
[EventDate "2019.06.24"]
[EventType "swiss"]
[EventCountry "TUR"]
[SourceTitle "playchess.com"]
[Source "ChessBase"]
[SourceQuality "1"]
[TimeControl "5400+30"]

1. Nf3 d5 2. c4 e6 3. g3 dxc4 4. Bg2 a6 5. a4 Nc6 6. Na3 Na5 7. O-O Nf6 8. Qc2 Qd5 9. Rd1 Bd7 10. d3 Nb3 11. Rb1 Bxa4 12. dxc4 Qa5 13. Rd3 Nd4 14. Qd2 Bb4 15. Qe3 Nf5 16. Qe5 Qb6 17. Bh3 Bd6 18. Qc3 Ne4 19. Qe1 Bb4 20. Qf1 O-O 21. Bxf5 exf5 22. b3 Bc6 23. Ne5 Bc5 24. Rf3 Bxa3 25. Nxc6 Qxc6 26. Bxa3 Nd2 27. Qc1 Nxf3+ 28. exf3 Rfd8 29. Qf4 Rd3 30. Kg2 Qd7 31. Bc5 Re8 32. Be3 f6 33. h4 a5 34. h5 Re5 35. Rb2 Qe8 36. Rd2 Rexe3 0-1

[Event "7th Cesme Open-A 2019"]
[Site "Cesme"]
[Date "2019.06.25"]
[Round "2"]
[White "Baklan, Vladimir"]
[Black "Guseynov, Alihan"]
[Result "1-0"]
[ECO "B09"]
[WhiteElo "2620"]
[BlackElo "2274"]
[Annotator "RC"]
[PlyCount "65"]
[EventDate "2019.06.24"]
[EventType "swiss"]
[EventCountry "TUR"]
[SourceTitle "playchess.com"]
[Source "ChessBase"]
[SourceQuality "1"]
[TimeControl "5400+30"]

1. e4 g6 2. d4 Bg7 3. Nc3 d6 4. f4 Nf6 5. Nf3 O-O 6. a3 Nc6 7. Be2 d5 8. e5 Ne4 9. O-O Bg4 10. Qe1 Bxf3 11. Bxf3 Nxd4 12. Bxe4 dxe4 13. Qxe4 Nc6 14. Be3 e6 15. Rad1 Qe7 16. Na4 Rfd8 17. Nc5 Qe8 18. Nxb7 Rxd1 19. Rxd1 Rb8 20. Nc5 Rxb2 21. Na6 Ne7 22. Nb4 Nd5 23. Bd4 Rxb4 24. axb4 Nxb4 25. Bxa7 Bf8 26. Bf2 Qa4 27. h3 Qxc2 28. Qxc2 Nxc2 29. Rd8 Kg7 30. Bh4 Bc5+ 31. Kh2 Be3 32. Bf6+ Kh6 33. g3 1-0

[Event "7th Cesme Open-A 2019"]
[Site "Cesme"]
[Date "2019.06.25"]
[Round "2"]
[White "Tuncer, Tuna"]
[Black "Yilmaz, Goktan"]
[Result "1/2-1/2"]
[ECO "B94"]
[WhiteElo "2365"]
[BlackElo "2155"]
[Annotator "ChessBase"]
[PlyCount "77"]
[EventDate "2019.06.24"]
[EventType "swiss"]
[EventCountry "TUR"]
[SourceTitle "playchess.com"]
[Source "ChessBase"]
[SourceQuality "1"]
[TimeControl "5400+30"]

1. e4 c5 2. Nf3 d6 3. d4 cxd4 4. Nxd4 Nf6 5. Nc3 a6 6. Bg5 Nbd7 7. Qe2 Qa5 8. Bd2 Qc7 9. g4 h6 10. h4 b5 11. Bg2 e5 12. Nd5 Nxd5 13. exd5 Qc4 14. Qxc4 bxc4 15. Ne2 Nc5 16. g5 hxg5 17. hxg5 Rxh1+ 18. Bxh1 Bf5 19. O-O-O Ne4 20. Be3 Be7 21. Rg1 O-O-O 22. f3 Nc5 23. Bg2 Rh8 24. Rh1 Rxh1+ 25. Bxh1 Nd7 26. Bg2 Kc7 27. b3 cxb3 28. axb3 Nf8 29. Ng3 Bg6 30. Bf1 Kb7 31. Bd3 Bxd3 32. cxd3 Nd7 33. Nf5 Bf8 34. d4 Nb6 35. dxe5 Nxd5 36. Bd4 dxe5 37. Bxe5 f6 38. Bxf6 Nxf6 39. gxf6 1/2-1/2

[Event "7th Cesme Open-A 2019"]
[Site "Cesme"]
[Date "2019.06.25"]
[Round "2"]
[White "Annageldyev, Orazly"]
[Black "Erdogan, Anil Berk"]
[Result "1/2-1/2"]
[ECO "A48"]
[WhiteElo "2353"]
[BlackElo "2087"]
[Annotator "ChessBase"]
[PlyCount "94"]
[EventDate "2019.06.24"]
[EventType "swiss"]
[EventCountry "TUR"]
[SourceTitle "playchess.com"]
[Source "ChessBase"]
[SourceQuality "1"]
[TimeControl "5400+30"]

1. d4 Nf6 2. Nf3 c5 3. e3 g6 4. Be2 Bg7 5. O-O Qc7 6. c4 cxd4 7. Nxd4 a6 8. Nc3 d6 9. e4 O-O 10. Be3 Nc6 11. Rc1 Nxd4 12. Bxd4 Be6 13. f4 Qa5 14. f5 Bd7 15. Kh1 Bc6 16. Qd3 Nd7 17. Bxg7 Kxg7 18. a3 Qe5 19. b4 Nf6 20. Bf3 b5 21. Rcd1 bxc4 22. Qxc4 Bb5 23. Nxb5 axb5 24. Qd3 Rfc8 25. Rc1 Rxc1 26. Rxc1 Qb2 27. Rg1 Rxa3 28. Qxb5 Qd4 29. Qe2 Qxb4 30. fxg6 hxg6 31. e5 dxe5 32. Qxe5 Rb3 33. Qa1 Re3 34. h3 Qc3 35. Qd1 Qd3 36. Qa1 Qc3 37. Qd1 Qe5 38. Rf1 Ng8 39. Qa1 Nh6 40. Qxe5+ Rxe5 41. g4 f5 42. Kg2 Ra5 43. Rb1 Ra7 44. Rb5 Kf6 45. Rb6+ e6 46. Bd5 Re7 47. Bxe6 fxg4 1/2-1/2

[Event "7th Cesme Open-A 2019"]
[Site "Cesme"]
[Date "2019.06.25"]
[Round "2"]
[White "Rzayev, Bahruz"]
[Black "Rzayev, Askar Aliakbar"]
[Result "1/2-1/2"]
[ECO "C54"]
[WhiteElo "2340"]
[BlackElo "2089"]
[Annotator "NA"]
[PlyCount "54"]
[EventDate "2019.06.24"]
[EventType "swiss"]
[EventCountry "TUR"]
[SourceTitle "playchess.com"]
[Source "ChessBase"]
[SourceQuality "1"]
[TimeControl "5400+30"]

1. e4 e5 2. Nf3 Nc6 3. Bc4 Bc5 4. c3 Nf6 5. d3 O-O 6. b4 Bb6 7. a4 a6 8. O-O h6 9. Re1 d6 10. Be3 Bxe3 11. Rxe3 Kh8 12. Nbd2 a5 13. b5 Ne7 14. Qb3 Qe8 15. d4 Ng6 16. b6 c6 17. Qa3 Qd8 18. Ba2 exd4 19. cxd4 d5 20. exd5 Nxd5 21. Bxd5 Qxd5 22. Rc1 Be6 23. Ne4 Qd8 24. Qc5 Nf4 25. Ne5 Bd5 26. Rb1 f6 27. Nf3 Qd7 1/2-1/2

[Event "7th Cesme Open-A 2019"]
[Site "Cesme"]
[Date "2019.06.25"]
[Round "2"]
[White "Guliev, Logman"]
[Black "Unat, Can Haktan"]
[Result "0-1"]
[ECO "B66"]
[WhiteElo "2320"]
[BlackElo "2079"]
[Annotator "ChessBase"]
[PlyCount "112"]
[EventDate "2019.06.24"]
[EventType "swiss"]
[EventCountry "TUR"]
[SourceTitle "playchess.com"]
[Source "ChessBase"]
[SourceQuality "1"]
[TimeControl "5400+30"]

1. e4 c5 2. Nf3 d6 3. d4 cxd4 4. Nxd4 Nf6 5. Nc3 Nc6 6. Bg5 e6 7. Qd2 a6 8. O-O-O Bd7 9. f3 h6 10. Be3 h5 11. Kb1 b5 12. Nxc6 Bxc6 13. Ne2 Be7 14. Nd4 Bb7 15. Bg5 Nxe4 16. fxe4 Bxg5 17. Qe1 Bf6 18. Nf3 Qc7 19. Bd3 Rc8 20. Qg3 Qc5 21. c3 b4 22. c4 h4 23. Qf4 a5 24. g4 Be5 25. Qg5 Bd4 26. Qd2 Be3 27. Qe2 g5 28. Rhf1 a4 29. Rde1 Bf4 30. Qc2 Bc6 31. Qe2 Ke7 32. Rd1 f6 33. Rde1 Bd7 34. Qd1 Rc7 35. Qe2 Bc8 36. Qf2 Ba6 37. b3 a3 38. Qe2 Bb7 39. Bc2 Ra8 40. Bd3 Rh8 41. Bc2 Bc6 42. Qd1 Bxh2 43. Nxh2 Qe5 44. Qc1 Qxh2 45. e5 dxe5 46. Qe3 e4 47. Qb6 Qd6 48. Rd1 Rb7 49. Rxd6 Rxb6 50. c5 Rc8 51. Re1 Rb5 52. Rd4 f5 53. gxf5 exf5 54. Bd3 Rxc5 55. Rxb4 h3 56. Ba6 Rd8 0-1

[Event "7th Cesme Open-A 2019"]
[Site "Cesme"]
[Date "2019.06.25"]
[Round "2"]
[White "Kazimova, Narmin"]
[Black "Erdogdu, Mert"]
[Result "0-1"]
[ECO "E63"]
[WhiteElo "2271"]
[BlackElo "2391"]
[Annotator "RC"]
[PlyCount "106"]
[EventDate "2019.06.24"]
[EventType "swiss"]
[EventCountry "TUR"]
[SourceTitle "playchess.com"]
[Source "ChessBase"]
[SourceQuality "1"]
[TimeControl "5400+30"]

1. d4 Nf6 2. c4 g6 3. Nf3 Bg7 4. g3 O-O 5. Bg2 d6 6. O-O Nc6 7. Nc3 a6 8. Re1 Bd7 9. e4 e5 10. d5 Ne7 11. Bd2 Ne8 12. b4 h6 13. c5 f5 14. Qb3 Kh7 15. exf5 gxf5 16. Be3 Ng6 17. Rad1 Nf6 18. Bc1 Rb8 19. a4 Kh8 20. Nd2 b6 21. c6 Bc8 22. b5 axb5 23. axb5 Nh7 24. Bb2 h5 25. Ra1 h4 26. Ra7 Ng5 27. Qd1 Bh6 28. Qh5 Kh7 29. Nf3 Nxf3+ 30. Bxf3 Kg7 31. Bg2 Rh8 32. Qd1 hxg3 33. hxg3 Kg8 34. Qc2 Rh7 35. Rea1 Rf7 36. Ra8 Rxa8 37. Rxa8 Rf8 38. Ne2 Qe7 39. Rxc8 Rxc8 40. Qxf5 Qe8 41. Bh3 Ra8 42. Qh5 Kg7 43. Nc3 Nf8 44. Qh4 Qg6 45. Ne4 Ra4 46. Qe7+ Kh8 47. Nf6 Rb4 48. Bc3 Rb1+ 49. Kg2 Bg7 50. Bxe5 dxe5 51. d6 cxd6 52. c7 Rc1 53. Bd7 Rxc7 0-1

[Event "7th Cesme Open-A 2019"]
[Site "Cesme"]
[Date "2019.06.25"]
[Round "2"]
[White "Ozates, Tuna"]
[Black "Koksal, Ege"]
[Result "0-1"]
[ECO "A11"]
[WhiteElo "2214"]
[BlackElo "2363"]
[Annotator "ChessBase"]
[PlyCount "112"]
[EventDate "2019.06.24"]
[EventType "swiss"]
[EventCountry "TUR"]
[SourceTitle "playchess.com"]
[Source "ChessBase"]
[SourceQuality "1"]
[TimeControl "5400+30"]

1. c4 c6 2. Nf3 d5 3. e3 Nf6 4. Qc2 g6 5. b3 Bg7 6. Bb2 O-O 7. Be2 Bf5 8. d3 Na6 9. a3 dxc4 10. bxc4 Nc5 11. e4 Bg4 12. Nbd2 Ne6 13. h3 Bxf3 14. Nxf3 c5 15. O-O Nh5 16. g3 Bxb2 17. Qxb2 Qc7 18. Kg2 Rfd8 19. Qd2 Nf6 20. Qh6 Nd4 21. Nxd4 Rxd4 22. h4 Qe5 23. Rab1 b6 24. Rh1 Nd7 25. h5 g5 26. f4 gxf4 27. gxf4 Rd6 28. fxe5 Rxh6 29. e6 Rxe6 30. Bg4 Rd6 31. Bxd7 Rxd7 32. Rh3 Rad8 33. Rb3 f6 34. Kf2 Kg7 35. Ke2 Rg8 36. h6+ Kf7 37. a4 Rg2+ 38. Kf3 Rg5 39. Kf4 Kg6 40. Rb1 Rd6 41. a5 Rh5 42. Rg1+ Rg5 43. Ra1 Rh5 44. Rg1+ Kxh6 45. Rxh5+ Kxh5 46. Rg7 Rd7 47. Rxh7+ Kg6 48. Rh3 bxa5 49. Ke3 Rd6 50. Rg3+ Kf7 51. Rg1 Ke6 52. Ra1 Ra6 53. d4 a4 54. dxc5 Kd7 55. Kd4 Kc6 56. Kc3 Kxc5 0-1